AoeStats
← a.l.a.n.t

Socotra

505502063Analyzed
4v4 RM · 23d ago on Sep 9, 2026· 26m 14s· 8 players
Game mode
Random Map
Map size
148×148
Population
200
Speed
Normal
Resources
Standard
Victory
Conquest
Starting age
Dark Age
Ending age
Imperial Age
RankedLock teamsTeams togetherTeam positionsShared explorationLock speedFull tech treeHidden civsTurbo modeCheats
Victory
Defeat
🇧🇴 Khmer · Bolivia
1391
+15
🇵🇪 Maya · Peru
1384
+15
🇨🇳 Franks · China
1365
+16
🇺🇸 Magyars · United States
1320
+17
🇪🇸 Jurchens · Spain
1385
-18
🇫🇷 Ethiopians · France
1353
-15
🇫🇷 Teutons · France
1346
-15
🇬🇧 Britons · United Kingdom
1343
-15
Dislike Me
10:25 Feudal Age
10:28 Man-at-Arms
12:54 Forging
13:49 Loom
24:45 Castle Age
22:55 Double-Bit Axe
23:57 Scale Mail Armor
24:32 Fletching
25:37 Crossbowman
Dasilva
9:08 Loom
11:11 Feudal Age
12:37 Town Watch
15:08 Castle Age
13:22 Double-Bit Axe
14:00 Gold Mining
15:59 Padded Archer Armor
20:37 Fletching
24:31 Ballistics
25:08 Guard Tower
le Nain Becile
6:30 Loom
9:07 Feudal Age
10:10 Town Watch
16:34 Fletching
18:05 Horse Collar
18:57 Double-Bit Axe
25:06 Castle Age
25:20 Crossbowman
26:07 Bodkin Arrow
a.l.a.n.t
5:08 Loom
11:12 Feudal Age
12:30 Double-Bit Axe
15:08 Horse Collar
16:24 Fletching
19:55 Padded Archer Armor
22:57 Wheelbarrow
26:32 Castle Age
JAGR | BkB
0:26 Loom
11:46 Feudal Age
11:49 Man-at-Arms
15:24 Fletching
18:24 Padded Archer Armor
24:48 Castle Age
23:04 Double-Bit Axe
23:17 Horse Collar
23:39 Gold Mining
24:53 Crossbowman
25:29 Bodkin Arrow
Hurin
6:34 Loom
9:17 Feudal Age
9:51 Double-Bit Axe
9:51 Horse Collar
16:03 Wheelbarrow
16:41 Scale Barding Armor
21:41 Castle Age
19:53 Gold Mining
20:36 Bloodlines
22:26 Husbandry
21:48 Light Cavalry
22:54 Chain Barding Armor
羊了个羊
2:25 Loom
11:49 Feudal Age
18:34 Castle Age
17:35 Double-Bit Axe
MXTS | RazMM
4:11 Loom
9:31 Feudal Age
10:10 Double-Bit Axe
13:01 Fletching
15:59 Padded Archer Armor
16:51 Gold Mining
17:54 Wheelbarrow
21:55 Castle Age
22:16 Crossbowman
Connection lost

Rejoining the realm…

Still unreachable

The connection could not be restored.

Session expired

The server has moved on; the page needs a fresh start.